 Dungeon Crawl Stone Soup version 0.28-a0-1513-ge4f4046303 (console) character file.

Game seed: 8078001266579582687

138802 Banquo the Eclecticist (level 17, -20/125 HPs)
             Began as a Djinni Cinder Acolyte on Jan 14, 2022.
             Was a High Priest of Ignis.
             Killed from afar by a shock serpent (30 damage)
             ... with a bolt of electricity
             ... on level 4 of the Snake Pit on Jan 16, 2022.
             The game lasted 04:49:27 (46932 turns).

Banquo the Eclecticist (Djinni Cinder Acolyte)     Turns: 46932, Time: 04:49:27

Health: -20/125    AC: 11    Str: 11    XL:     17   Next: 87%
Gold:   2597       EV: 18    Int: 31    God:    Ignis [*****.] SH:  8 Dex: 16

rFire   + + +      SeeInvis .   a - +0 broad axe (freeze)
rCold   x . .      Faith    .   i - +3 warlock's mirror {reflect}
rNeg    . . .      Spirit   .   d - +0 troll leather armour
rPois   ∞          Reflect  +   h - +0 helmet
rElec   .          Harm     .   e - scarf {shadows}
rCorr   .          Rampage  .   g - +0 pair of gloves
Will    +....                   (boots unavailable)
Stlth   ++........              R - amulet of regeneration
HPRegen 1.90/turn               A - +4 ring of protection
MPRegen 0.00/turn               x - ring of Xojuprimm {Str-2 Int+8 Dex+6 Stlth+}

@: weakened, flying
A: sickness immunity, fire resistance 2, cold vulnerability 1, float, innate
caster, hp casting, extra vitality 1
a: Renounce Religion, Fiery Armour, Foxfire Swarm


You were on level 4 of the Snake Pit.
You worshipped Ignis.
Ignis was extremely pleased with you.
You visited 5 branches of the dungeon, and saw 28 of its levels.
You also visited: Sewer.

You collected 2809 gold pieces.
You spent 212 gold pieces at shops.

Inventory:

Hand Weapons
 a - a +0 broad axe of freezing (weapon)
 c - the +8 flail "Gaemaq" {vorpal, *Noise rC++ Str+4}
   (You found it on level 1 of the Snake Pit)

   It inflicts extra damage upon your enemies.
   Str:       It affects your strength (+4).
   rC:        It greatly protects you from cold.
   *Noise:    It may make noises in combat.
 n - a +1 vampiric hand axe
 E - the +2 trident of Light {venom, rF+ rN+ rCorr}
   (You bought it in a shop on level 1 of the Snake Pit)

   It poisons the flesh of those it strikes.
   rF:        It protects you from fire.
   rN:        It protects you from negative energy.
   rCorr:     It protects you from acid and corrosion.
 L - a +0 hand axe of flaming
 Q - a +1 war axe of electrocution
Missiles
 j - 36 poisoned darts
 B - 25 boomerangs
 D - 17 stones
Armour
 d - a +0 troll leather armour (worn)
 e - a scarf of shadows (worn)
 f - a +1 robe of resistance
 g - a +0 pair of gloves (worn)
 h - a +0 helmet (worn)
 i - the +3 warlock's mirror (worn) {reflect}
   (You acquired it on level 4 of the Dungeon)

   It can block and reflect piercing ranged attacks and magical attacks against
   the wielder's willpower.
Magical Staves
 b - a staff of fire
 K - a staff of conjuration
Jewellery
 r - a +6 ring of intelligence
 x - the ring of Xojuprimm (right hand) {Str-2 Int+8 Dex+6 Stlth+}
   (You found it on level 2 of the Lair of Beasts)

   [ring of dexterity]

   Str:       It affects your strength (-2).
   Int:       It affects your intelligence (+8).
   Dex:       It affects your dexterity (+6).
   Stlth:     It makes you more stealthy.
 y - a +4 ring of protection
 A - a +4 ring of protection (left hand)
 C - a ring of ice
 R - an amulet of regeneration (around neck)
 S - a ring of see invisible
Wands
 H - a wand of acid (1)
 I - a wand of mindburst (15)
 N - a wand of iceblast (13)
Scrolls
 k - a scroll of acquirement
 m - 2 scrolls of magic mapping
 t - a scroll of fog
 u - a scroll of silence
 v - 6 scrolls of teleportation
 z - 5 scrolls of fear
 U - 3 scrolls of holy word
 W - 2 scrolls of summoning
Potions
 l - 2 potions of berserk rage
 o - 13 potions of curing
 p - 3 potions of haste
 q - 5 potions of ambrosia
 w - 2 potions of might
 F - 2 potions of cancellation
 G - 3 potions of resistance
 T - 3 potions of invisibility
 V - 3 potions of brilliance
 X - 4 potions of heal wounds
Miscellaneous
 s - a box of beasts


   Skills:
 * Level 12.7 Fighting
 - Level 6.0(6.4) Axes
 * Level 3.6(5.3) Maces & Flails
 - Level 6.0 Armour
 * Level 13.3 Dodging
 + Level 4.7 Shields
 + Level 18.1 Spellcasting


You had 18 spell levels left.
You knew the following spells:

 Your Spells              Type           Power      Damage    Failure   Level
a - Scorch                Fire           100%       2d10      0%          2
b - Sting                 Tmut/Pois      100%       1d8       0%          1
d - Vampiric Draining     Necr           96%        2d12      0%          3
e - Enfeeble              Hex            48%        N/A       1%          7
s - Sticky Flame          Conj/Fire      96%        2d11      0%          4
u - Dispel Undead         Necr           96%        3d30      0%          4
v - Summon Mana Viper     Hex/Summ       96%        N/A       1%          5
z - Searing Ray           Conj           100%       2d8       0%          2
S - Simulacrum            Ice/Necr       48%        N/A       1%          6
Your spell library was empty.

Dungeon Overview and Level Annotations

Branches:
Dungeon (15/15)            Temple (1/1) D:6            Lair (6/6) D:9
  Swamp (0/4) Lair:3        Snake (4/4) Lair:4        Slime (0/5) Lair:5
    Orc (2/2) D:11            Elf (0/3) Orc:2        Vaults (0/5) D:14
 Depths (0/4) D:15          Sewer (visited)

Altars:
Ashenzari
Cheibriados
Dithmenos
Elyvilon
Fedhas
Gozag
Hepliaklqana
Kikubaaqudgha
Makhleb
Nemelex Xobeh
Okawaru
Qazlal
Ru
Sif Muna
Trog
Uskayaw
Vehumet
Wu Jian
Xom
Yredelemnul
Zin
The Shining One
Beogh
Lugonu

Shops:
D:2 (   Orc:2 ?((!   Snake:1 **   Snake:2 :

Portals:
Abyss: Lair:6
Trove: D:12 (give 14 scrolls of teleportation)

Annotations:
D:9 diggable vault
D:10 3 runed translucent doors, Sickboy's ghost, journeyman MiFi
Lair:3 exclusion: 4 oklob plants
Lair:4 exclusion: 2 oklob plants


Innate Abilities, Weirdness & Mutations

You are immune to sickness and miasma.
You are immune to poison.
Your flesh is very heat resistant. (rF++)
You are vulnerable to cold. (rC-)
You float through the air rather than walking.
You learn spells naturally, not from books.
Your magical power is your life essence.
You have superior vitality. (+4 MHP)


Message History

The shock serpent hisses angrily.
The shock serpent shoots out a bolt of lightning at you!
The bolt of electricity hits you!!
Casting: Enfeeble (dangerous; 1% risk of failure)
Confirm with . or Enter, or press ? or * to list all spells.
Aiming: Enfeeble (dangerous; 1% risk of failure)
Press: ? - help, Shift-Dir - straight line, f/p - shock serpent
Aim: a shock serpent (will inflict weakness, chance to daze and blind: 98%)
Okay, then.
The salamander tyrant gazes fiercely through you!
You feel as though you will be weak longer.
Casting: Enfeeble (dangerous; 1% risk of failure)
Confirm with . or Enter, or press ? or * to list all spells.
Aiming: Enfeeble (dangerous; 1% risk of failure)
Press: ? - help, Shift-Dir - straight line, f/p - shock serpent
Aim: a shock serpent (will inflict weakness, chance to daze and blind: 98%)
The shock serpent is enfeebled!
* * * LOW HITPOINT WARNING * * *
The naga mage is lost in a daze.
Unknown command.
The naga mage is no longer dazed.
The naga mage is no longer blind.
The naga mage is no longer weakened.
The shock serpent shoots out a bolt of lightning at you!
The bolt of electricity hits you!
* * * LOW HITPOINT WARNING * * *
The naga mage falters for a moment.
The salamander tyrant rends the earth beneath you!
The blast of magma engulfs you. You partially resist.
* * * LOW HITPOINT WARNING * * *
Unknown command.
The shock serpent shoots out a bolt of lightning at you!
The bolt of electricity misses you.
The shock serpent is lost in a daze.
The salamander tyrant rends the earth beneath you!
The blast of magma engulfs you! You partially resist.
* * * LOW HITPOINT WARNING * * *
The naga mage is no longer moving quickly.
The shock serpent shoots out a bolt of lightning at you!
The bolt of electricity hits you!!
You die...

##.............N............
#....#......................
##........NN......##........
##...#..........##.........
#........NS............#...
###.....≈.≈...............)
###.##.#.≈≈.............#..
#.....##.≈.≈#..........#...
#..#.###.≈@≈#...(..........
#..#.....#.................
#..###...#.................
#.. #...#............))...
### #.##......÷÷.##)..).)).
#.###.#..........)#..)..
#.#............)..#...... #.
#........##........... #
##......#............


You could see a salamander tyrant, a salamander mystic, a shock serpent (blind,
dazed, weak) and a naga mage (magic disrupted).

Vanquished Creatures
  Jorgrun (D:11)
  A slime creature (D:14)
  Josephine (Orc:1)
  A great orb of eyes (D:15)
  A vault guard (D:14)
  Erolcha (D:11)
  5 naga warriors
  2 boulder beetles
  3 hydras
  6 centaur warriors
  5 anacondas
  2 catoblepae (Lair:6)
  A tengu warrior (D:15)
  A death knight (D:14)
  4 death yaks
  2 two-headed ogres
  Sonja (Lair:2)
  2 naga sharpshooters
  Urug (Orc:1)
  4 shock serpents
  3 thrashing horrors (Lair:6)
  3 sea snakes (Snake:3)
  5 naga ritualists
  2 phantasmal warriors (D:15)
  4 orc knights
  4 mana vipers
  2 orc sorcerers
  10 ugly things
  3 salamanders
  4 cyclopes
  A manticore (D:12)
  13 elephants
  A guardian serpent (Snake:3)
  A smoke demon (Lair:6)
  5 gargoyles
  27 black mambas
  A torpor snail (Lair:2)
  2 naga magi
  4 rime drakes
  13 cane toads
  An unseen horror (D:11)
  Maggie (D:6)
  A freezing wraith (D:15)
  Psyche (D:8)
  2 tengu conjurers
  An efreet (D:15)
  8 komodo dragons
  2 ancient zymes (Lair:6)
  9 trolls
  A meliai (D:14)
  A queen bee (Lair:3)
  A hornet (D:9)
  A polar bear (Lair:6)
  Grinder (D:3)
  11 blink frogs
  Prince Ribbit (D:6)
  A spriggan (Lair:6)
  A ynoxinul (Lair:6)
  A vampire (D:14)
  4 wraiths
  2 shadows
  5 wyverns
  61 yaks
  Eustachio (D:4)
  2 chaos spawn (Lair:6)
  11 basilisks
  3 steam dragons
  15 vampire mosquitoes
  4 wargs
  26 nagas
  3 acid dragons
  Duvessa (D:6)
  14 water moccasins
  8 small abominations (Lair:6)
  3 ice beasts
  38 orc warriors
  A black bear (D:8)
  6 ogres
  15 centaurs
  7 wolves
  A phantom (D:6)
  4 kobold brigands
  10 bullfrogs
  A scorpion (D:6)
  A water moccasin skeleton (D:6)
  Dowan (D:6)
  43 killer bees
  3 wights
  6 electric eels
  6 howler monkeys
  A centaur zombie (D:9)
  2 bullfrog zombies (D:6)
  5 hounds
  3 jellies (Lair:5)
  2 centaur skeletons
  12 orc priests
  Terence (D:2)
  3 iguanas
  14 orc wizards
  Natasha (thrice) (D:2)
  A howler monkey zombie (D:9)
  7 adders
  10 gnolls
  A shadow imp (D:6)
  4 ufetubi
  2 worms
  3 dart slugs
  70 orcs
  6 ball pythons
  9 endoplasms
  13 giant cockroaches
  7 goblins
  5 hobgoblins
  10 jackals
  10 kobolds
  18 quokkas
  5 bats
  9 frilled lizards
  6 rats
747 creatures vanquished.

Vanquished Creatures (collateral kills)
  A nagaraja (Snake:4)
  A very ugly thing (D:15)
  A bunyip (shapeshifter) (D:15)
  3 hydras
  A salamander tyrant (Snake:3)
  A boulder beetle (D:15)
  A rakshasa (D:15)
  2 naga warriors
  An anaconda (Snake:3)
  A tengu warrior (D:14)
  A shock serpent (Snake:3)
  A thrashing horror (Lair:6)
  2 naga sharpshooters (Snake:4)
  3 salamander mystics
  2 orc knights
  A deep elf pyromancer (D:15)
  2 mana vipers (Snake:4)
  8 ugly things
  A cyclops (D:13)
  9 salamanders
  An elephant (Lair:6)
  3 naga magi
  A centaur zombie (D:11)
  7 black mambas
  4 guardian serpents
  A smoke demon (Lair:6)
  An efreet (D:15)
  A tengu conjurer (D:14)
  A troll (D:11)
  2 blink frogs (Lair:6)
  3 slime creatures (D:15)
  3 small abominations (Lair:6)
  A wraith (Orc:1)
  A yak (Lair:6)
  A vampire mosquito (D:14)
  A chaos spawn (Lair:6)
  12 nagas
  6 orc warriors
  5 centaurs
  An orc priest (Orc:1)
  5 orc wizards
  4 orcs
108 creatures vanquished.

Vanquished Creatures (others)
  A basilisk (Lair:6)
  An orc warrior (Orc:2)
  A kobold brigand (D:9)
  A small abomination (Lair:6)
  A centaur zombie (D:8)
  2 orc wizards (D:8)
  An orc (D:8)
  18 fungi
  65 plants
91 creatures vanquished.

Grand Total: 946 creatures vanquished

Notes
Turn   | Place    | Note
-------+----------+-------------------------------------------
     0 | D:1      | Banquo the Djinni Cinder Acolyte began the quest for the
                  | Orb.
     0 | D:1      | Reached XP level 1. HP: 20/20 MP: 0/0
    34 | D:1      | Found a faded altar of an unknown god.
    57 | D:1      | Reached XP level 2. HP: 9/25 MP: 0/0
   436 | D:1      | Reached XP level 3. HP: 28/30 MP: 0/0
   436 | D:1      | Learned a level 1 spell: Sting
   719 | D:1      | Reached skill level 1 in Dodging
   974 | D:2      | Reached skill level 3 in Spellcasting
  1596 | D:2      | Noticed Natasha
  1597 | D:2      | Reached XP level 4. HP: 26/35 MP: 0/0
  1927 | D:2      | Found Poiseel's Weapon Boutique.
  1971 | D:2      | Killed Natasha
  1983 | D:2      | Noticed Natasha
  1986 | D:2      | Killed Natasha
  1987 | D:2      | Reached XP level 5. HP: 16/40 MP: 0/0
  1987 | D:2      | Learned a level 2 spell: Searing Ray
  2245 | D:2      | Noticed Terence
  2277 | D:2      | Noticed Natasha
  2280 | D:2      | Killed Natasha
  2281 | D:2      | Reached skill level 4 in Spellcasting
  2427 | D:2      | Killed Terence
  2673 | D:3      | Noticed an ice beast
  2678 | D:3      | Killed an ice beast
  2679 | D:3      | Reached XP level 6. HP: 27/46 MP: 0/0
  2914 | D:3      | Found a sacrificial altar of Ru.
  2990 | D:3      | Found a stormy altar of Qazlal.
  3887 | D:3      | Reached skill level 5 in Spellcasting
  4105 | D:3      | Noticed Grinder
  4107 | D:3      | Paralysed by Grinder for 6 turns
  4118 | D:3      | Killed Grinder
  4119 | D:3      | Reached XP level 7. HP: 36/50 MP: 0/0
  4119 | D:3      | Learned a level 3 spell: Vampiric Draining
  4288 | D:4      | Identified a scroll of acquirement
  4288 | D:4      | Acquired the +3 warlock's mirror {reflect}
  4288 | D:4      | Found the +3 warlock's mirror {reflect}
  5411 | D:4      | Reached skill level 6 in Spellcasting
  5495 | D:4      | Found a blossoming altar of Fedhas.
  5497 | D:4      | Found an iron altar of Okawaru.
  5499 | D:4      | Found a bloodstained altar of Trog.
  5504 | D:4      | Found a shadowy altar of Dithmenos.
  5506 | D:4      | Found a basalt altar of Yredelemnul.
  5507 | D:4      | Found a snail-covered altar of Cheibriados.
  5509 | D:4      | Found a sparkling altar of Nemelex Xobeh.
  5513 | D:4      | Found a white marble altar of Elyvilon.
  5514 | D:4      | Found a hide-covered altar of Uskayaw.
  5701 | D:4      | Reached XP level 8. HP: 46/56 MP: 0/0
  5920 | D:5      | Entered Level 5 of the Dungeon
  6035 | D:5      | Noticed Eustachio
  6074 | D:4      | Killed Eustachio
  6573 | D:5      | Reached skill level 1 in Shields
  6948 | D:6      | Found a staircase to the Ecumenical Temple.
  6967 | D:6      | Reached skill level 7 in Spellcasting
  7141 | D:6      | Reached XP level 9. HP: 18/62 MP: 0/0
  7141 | D:6      | Learned a level 4 spell: Dispel Undead
  7226 | D:6      | Found a glowing drain.
  7366 | Sewer    | Entered a sewer
  7876 | D:6      | Noticed Maggie
  7896 | D:6      | Killed Maggie
  7897 | D:6      | Reached skill level 8 in Spellcasting
  8182 | D:6      | Noticed Duvessa
  8182 | D:6      | Noticed Dowan
  8245 | D:6      | Killed Duvessa
  8345 | D:6      | Noticed Prince Ribbit
  8354 | D:6      | Killed Prince Ribbit
  8868 | D:6      | Killed Dowan
  9071 | Temple   | Entered the Ecumenical Temple
  9180 | D:7      | Reached skill level 9 in Spellcasting
  9353 | D:7      | Reached XP level 10. HP: 42/69 MP: 0/0
  9682 | D:6      | Found a staircase to the Ecumenical Temple.
 11328 | D:8      | Found a shimmering altar of Xom.
 11328 | D:8      | Noticed a komodo dragon
 11548 | D:8      | Noticed Psyche
 11552 | D:8      | Killed Psyche
 11553 | D:8      | Reached skill level 10 in Spellcasting
 11593 | D:8      | Reached skill level 5 in Fighting
 12525 | D:8      | Killed a komodo dragon
 12985 | D:8      | Found a shimmering altar of Xom.
 13875 | D:9      | Noticed a two-headed ogre
 13954 | D:9      | Found an opulent altar of Gozag.
 14132 | D:9      | Reached XP level 11. HP: 60/76 MP: 0/0
 14132 | D:9      | Learned a level 4 spell: Sticky Flame
 14327 | D:9      | Noticed a cyclops
 14355 | D:9      | Found a staircase to the Lair.
 14585 | D:9      | Reached skill level 11 in Spellcasting
 15081 | D:9      | Noticed a centaur warrior
 15174 | D:9      | Killed a two-headed ogre
 15387 | D:9      | Killed a centaur warrior
 15388 | D:9      | Reached skill level 5 in Axes
 16214 | D:9      | Found an opulent altar of Gozag.
 16423 | D:9      | Noticed a centaur warrior
 16435 | D:9      | Found a staircase to the Lair.
 16564 | Lair:1   | Entered Level 1 of the Lair of Beasts
 17519 | Lair:1   | Reached skill level 12 in Spellcasting
 18221 | Lair:2   | Reached XP level 12. HP: 75/83 MP: 0/0
 18263 | Lair:2   | Noticed a boulder beetle
 18505 | Lair:2   | Noticed Sonja
 18509 | Lair:2   | Killed Sonja
 18513 | Lair:2   | Identified the ring of Xojuprimm {Str-2 Int+8 Dex+6 Stlth+}
 18836 | Lair:2   | Reached skill level 1 in Armour
 19024 | Lair:1   | Killed a boulder beetle
 19159 | Lair:2   | Noticed a death yak
 19159 | Lair:2   | Noticed a death yak
 19198 | Lair:1   | Killed a death yak
 19241 | Lair:2   | Noticed a death yak
 19258 | Lair:2   | Killed a death yak
 19259 | Lair:2   | Reached skill level 5 in Dodging
 19293 | Lair:2   | Noticed a death yak
 19851 | Lair:2   | Killed a death yak
 19852 | Lair:2   | Reached skill level 13 in Spellcasting
 19869 | Lair:2   | Killed a death yak
 20261 | Lair:2   | Reached XP level 13. HP: 86/91 MP: 0/0
 20261 | Lair:2   | Learned a level 5 spell: Summon Mana Viper
 20931 | Lair:3   | Found a staircase to the Swamp.
 20959 | Lair:3   | Found a sacrificial altar of Ru.
 22049 | Lair:3   | Reached skill level 14 in Spellcasting
 22409 | Lair:3   | Found a sacrificial altar of Ru.
 22954 | Lair:3   | Found a staircase to the Swamp.
 23335 | Lair:3   | Found a staircase to the Swamp.
 23448 | Lair:3   | Found a sacrificial altar of Ru.
 23800 | Lair:3   | Found a sacrificial altar of Ru.
 23978 | Lair:3   | Found a staircase to the Swamp.
 24817 | Lair:4   | Found a staircase to the Snake Pit.
 25958 | Lair:4   | Found a staircase to the Snake Pit.
 26682 | Lair:5   | Found a staircase to the Slime Pits.
 26750 | Lair:5   | Noticed a six-headed hydra
 26757 | Lair:5   | Noticed a seven-headed hydra
 27023 | Lair:5   | Killed a six-headed hydra
 27176 | Lair:5   | Killed a seven-headed hydra
 27236 | Lair:5   | Reached XP level 14. HP: 82/101 MP: 0/0
 27740 | Lair:5   | Reached skill level 15 in Spellcasting
 27814 | Lair:5   | Found a staircase to the Slime Pits.
 27994 | Lair:6   | Entered Level 6 of the Lair of Beasts
 29589 | Lair:6   | Reached skill level 10 in Fighting
 29773 | Lair:6   | Reached skill level 16 in Spellcasting
 29997 | Lair:6   | Found a corrupted altar of Lugonu.
 29997 | Lair:6   | Found a one-way gate to the infinite horrors of the Abyss.
 31109 | D:10     | Entered Level 10 of the Dungeon
 31714 | D:10     | Noticed Sickboy's ghost (journeyman MiFi)
 31715 | D:10     | Found a runed translucent gate.
 31715 | D:10     | Found a runed translucent gate.
 31717 | D:10     | Found a runed translucent gate.
 32251 | D:10     | Found a runed translucent gate.
 32252 | D:10     | Found a runed translucent gate.
 32253 | D:10     | Found a runed translucent gate.
 32845 | D:11     | Reached XP level 15. HP: 102/109 MP: 0/0
 32845 | D:11     | Learned a level 6 spell: Simulacrum
 32884 | D:11     | Noticed Erolcha
 33087 | D:11     | Reached skill level 5 in Armour
 33179 | D:11     | Found a staircase to the Orcish Mines.
 33549 | D:11     | Killed Erolcha
 33657 | D:11     | Found a staircase to the Orcish Mines.
 34679 | D:12     | Found a white marble altar of Elyvilon.
 34777 | D:12     | Found a portal to a secret trove of treasure.
 34980 | Orc:1    | Entered Level 1 of the Orcish Mines
 34982 | Orc:1    | Noticed Jorgrun
 35134 | D:11     | Killed Jorgrun
 35334 | Orc:1    | Noticed Urug
 35566 | Orc:1    | Killed Urug
 35850 | Orc:2    | Entered Level 2 of the Orcish Mines
 35915 | Orc:2    | Noticed Josephine
 35923 | Orc:1    | Killed Josephine
 36356 | Orc:2    | Reached skill level 10 in Dodging
 36489 | Orc:2    | Found a staircase to the Elven Halls.
 36882 | Orc:2    | Found Siynijiffe's Weapon Shop.
 36882 | Orc:2    | Found Wauno's Weapon Shoppe.
 36882 | Orc:2    | Found Dayr Vae's Distillery.
 36927 | Orc:2    | Found Qoacvis's Magic Scroll Boutique.
 37970 | Orc:2    | Found a staircase to the Elven Halls.
 38033 | Orc:2    | Found Siynijiffe's Weapon Shop.
 38033 | Orc:2    | Found Wauno's Weapon Shoppe.
 38033 | Orc:2    | Found Dayr Vae's Distillery.
 38036 | Orc:2    | Found Qoacvis's Magic Scroll Boutique.
 39046 | D:13     | Identified the +7 glaive of Burah {vorpal, Int+6 Stlth+}
 39942 | D:14     | Reached XP level 16. HP: 70/116 MP: 0/0
 40510 | D:14     | Found a gate to the Vaults.
 40606 | D:15     | Entered Level 15 of the Dungeon
 41395 | D:15     | Found a staircase to the Depths.
 41964 | D:15     | Found a staircase to the Depths.
 42300 | Snake:1  | Entered Level 1 of the Snake Pit
 42303 | Snake:1  | Found Zaemagad's Assorted Antiques.
 42322 | Snake:1  | Reached skill level 17 in Spellcasting
 42400 | Snake:1  | Bought a shimmering trident for 212 gold pieces
 42400 | Snake:1  | Identified the +2 trident of Light {venom, rF+ rN+ rCorr}
                  | (You bought it in a shop on level 1 of the Snake Pit)
 42850 | Snake:1  | Identified the +8 flail "Gaemaq" {vorpal, *Noise rC++
                  | Str+4}
 42875 | Snake:1  | Found Namigoc's Gadget Gallery.
 43820 | Snake:1  | Reached skill level 1 in Maces & Flails
 44065 | Snake:2  | HP: 2/118 [guardian serpent (16)]
 44231 | Snake:2  | Found Gosi's Book Shoppe.
 44264 | Snake:2  | Reached XP level 17. HP: 119/123 MP: 0/0
 44264 | Snake:2  | Learned a level 7 spell: Enfeeble
 44362 | Snake:1  | Upgraded the game from 0.28-a0-1506-g3893175d92 to
                  | 0.28-a0-1513-ge4f4046303
 45426 | Snake:3  | Identified the +1 leather armour of Giogadim {rF+}
 46454 | Snake:4  | Entered Level 4 of the Snake Pit
 46502 | Snake:4  | Identified the +4 great mace of Zil Ick {venom, Int+4}
 46729 | Snake:4  | Reached skill level 18 in Spellcasting
 46932 | Snake:4  | Killed from afar by a shock serpent

Illustrated notes

Levels and vault maps discovered:
D:1:      dpeg_arrival_rhombi, layout_rooms, serial_aquarium,
          aquarium_bridge_straight [aquarium_subvault_bridge,
          aquarium_subvault_balcony, aquarium_subvault_bridge,
          aquarium_subvault_window], aquarium_window_fake,
          aquarium_window_corridor_3, aquarium_window_fake,
          aquarium_window_fake, aquarium_view_2a, aquarium_view_2d,
          aquarium_pool_1, hellmonk_ecumenical_altar_dog_temple,
          serial_bayou_pond_d
D:2:      layout_loops_ring, serial_shops, nicolae_shop_bloodbath_and_beyond,
          kennysheep_generic_room_15, uniq_natasha, uniq_terence
D:3:      layout_loops_corners, nicolae_qazlal_general_emergency,
          mainiacjoe_overflow_catwalk_spiral, uniq_grinder
D:4:      layout_cave_pools, nicolae_overflow_hallway_of_the_gods,
          mainiacjoe_overflow_brackets
D:5:      layout_gridville, mrwooster_statue_mirror, uniq_eustachio
D:6:      layout_loops_ring, minmay_temple_entry_glass, gup_sewer_entry_pipe,
          uniq_prince_ribbit1, uniq_maggie, uniq_duvessa
D:7:      layout_rooms
D:8:      layout_loops_ring, xom_confusion_cloud, blue_anna_alchemist,
          uniq_psyche
D:9:      minmay_octagon_keep, layout_irregular_city, grunt_gozag_statues,
          david_lair_shrubbed, minivault_23, kennysheep_donut,
          lightli_corner_chamber
D:10:     layout_stronghold, gammafunk_ghost_split
D:11:     layout_rooms, orc_0_dummy, nicolae_two_hexagons, uniq_erolcha
D:12:     layout_cave_pools, nicolae_trove_entry_crystal, elyvilon_altar_5
D:13:     layout_grid_maze
D:14:     layout_roguey, david_vaults_5, led_sif_pool
D:15:     gammafunk_enter_depths_forms, layout_cross, hangedman_decor_lopped
Temple:   corrupted_temple
Lair:1:   statuecave_lemuel, layout_gridlike
Lair:2:   layout_cellular_growth, grunt_megastairs_2, uniq_sonja
Lair:3:   hangedman_what_comes_after_a, layout_regular_city,
          minmay_swamp_entry_swarm, basic_altar, serial_bayou_lake_a
Lair:4:   layout_regular_city, guppyfry_snake_entry_garden, st_stairs_8,
          minmay_stone_trees_small, dpeg_oklob_1
Lair:5:   beast_lair_carwin_large_3, layout_misc_corridors,
          nicolae_slime_entry_slimehenge
Lair:6:   hellmonk_lair_end_abyssal_woods, layout_regular_city,
          serial_bayou_shore_b
Snake:1:  layout_chambers, serial_shops, shop, st_stairs_13,
          nicolae_shop_gadgets
Snake:2:  layout_misc_corridors, serial_shops, shop_statue
Snake:3:  layout_rooms, serial_bayou_shore_a
Snake:4:  grunt_snake_rune_serpentine_throne, layout_cave_shapes
Orc:1:    layout_diamond_mine, mines2_david, uniq_urug, uniq_jorgrun
Orc:2:    st_orc_rangers, layout_caves, uniq_josephine

Skill      XL: |  1  2  3  4  5  6  7  8  9 10 11 12 13 14 15 16 17 |
---------------+----------------------------------------------------+-----
Dodging        | 1 2 4 5 6 11 12 13 | 13.3
Spellcasting   | 3 4 5 6 7 9 10 12 13 14 16 17 18 | 18.1
Axes           | 3 4 5 6 |  6.0
Shields        | 1 2 3 4 |  4.7
Fighting       | 4 5 6 7 9 10 11 12 | 12.7
Armour         | 3 4 6 |  6.0
Maces & Flails | 1 3 |  3.6

Action                   |  1- 3 |  4- 6 |  7- 9 | 10-12 | 13-15 | 16-18 || total
-------------------------+-------+-------+-------+-------+-------+-------++-------
Melee: Hand axe          |    47 |       |       |       |       |       ||    47
       Staff             |       |       |       |     1 |     4 |       ||     5
       Broad axe         |       |       |       |       |       |    10 ||    10
       Trident           |       |       |       |       |       |     2 ||     2
Throw: Dart              |       |       |       |     2 |     1 |       ||     3
       Stone             |       |       |       |     1 |       |       ||     1
 Cast: Scorch            |    27 |    71 |   113 |   147 |   555 |   267 ||  1180
       Searing Ray       |       |     1 |    32 |    61 |    11 |    28 ||   133
       Vampiric Draining |       |       |     5 |    12 |       |    56 ||    73
       Sticky Flame      |       |       |       |    44 |   254 |   102 ||   400
       Summon Mana Viper |       |       |       |       |    66 |    79 ||   145
       Simulacrum        |       |       |       |       |    21 |    33 ||    54
       Dispel Undead     |       |       |       |       |     5 |    11 ||    16
       Enfeeble          |       |       |       |       |       |    87 ||    87
Invok: Fiery Armour      |     1 |     1 |       |       |       |       ||     2
       Rising Flame      |       |       |       |       |       |     1 ||     1
  Use: Scroll            |       |     4 |     8 |    10 |    11 |     2 ||    35
       Potion            |       |       |       |       |       |     1 ||     1
 Stab: Invisible         |       |       |       |       |       |     2 ||     2
Armor: Robe              |    24 |     5 |    10 |    26 |       |       ||    65
       Troll leather arm |       |       |       |     5 |   103 |    72 ||   180
Dodge: Dodged            |    34 |     4 |    29 |    59 |   297 |   253 ||   676
Block: Buckler           |       |       |    22 |    46 |   261 |   126 ||   455
       Reflection        |       |       |       |     8 |    74 |    27 ||   109

Table legend: (Time is in decaauts)
 A = Elapsed time spent in this place.
 B = Non-inter-level travel time spent in this place.
 C = Inter-level travel time spent in this place.
 D = Time resting spent in this place.
 E = Time spent auto-exploring this place.
 F = Levels seen in this place.
 G = Mean time per level.
                   A        B        C        D        E       F      G
               +--------+--------+--------+--------+--------+-----+--------+
         Total |  47122 |  42765 |   4357 |   8973 |  21242 |  29 | 1624.9 |
       Dungeon |  24554 |  22175 |   2379 |   5818 |  10900 |  15 | 1636.9 |
        Temple |     39 |     28 |     11 |      0 |     20 |   1 |   39.0 |
          Lair |  14768 |  13613 |   1155 |   1788 |   7685 |   6 | 2461.3 |
     Snake Pit |   4502 |   4022 |    480 |    766 |   1623 |   4 | 1125.5 |
  Orcish Mines |   2786 |   2455 |    331 |    394 |    961 |   2 | 1393.0 |
         Sewer |    470 |    470 |      0 |    207 |     53 |   1 |  470.0 |
               +--------+--------+--------+--------+--------+-----+--------+

Top non-repeatable levels by time:
  Lair:3: 3839 daAuts
     D:9: 3110 daAuts
  Lair:6: 2957 daAuts
     D:6: 2609 daAuts
  Lair:2: 2455 daAuts
     D:8: 2321 daAuts
  Lair:1: 2118 daAuts
  Lair:4: 2109 daAuts
 Snake:1: 2077 daAuts
     D:3: 1919 daAuts
    D:10: 1804 daAuts
    D:11: 1781 daAuts
   Orc:2: 1641 daAuts
     D:2: 1521 daAuts
     D:7: 1508 daAuts
